AoeStats
← 肥羊

Lombardia

509649076Analyzed
4v4 RM · 3d ago on Sep 27, 2026· 87m 44s· 8 players
Game mode
Random Map
Map size
Large (8 player)
Population
200
Speed
Normal
Resources
Standard
Victory
Conquest
Starting age
Dark Age
Ending age
Imperial Age
RankedLock teamsTeams togetherTeam positionsShared explorationLock speedFull tech treeHidden civsTurbo modeCheats
Victory
Defeat
🇪🇸 Ethiopians · Spain
1285
+12
🇳🇴 Ethiopians · Norway
1231
+14
🇳🇱 Cumans · Netherlands
1228
+14
🇳🇱 Khmer · Netherlands
1149
+19
🇦🇷 Saxons · Argentina
1219
-16
🇻🇳 Byzantines · Vietnam
1217
-16
🇨🇳 Wei · China
1199
-15
🇻🇳 Koreans · Vietnam
1139
-12
Nutty
10:11 Feudal Age
8:28 Loom
11:35 Double-Bit Axe
11:42 Gold Mining
14:11 Fletching
16:37 Padded Archer Armor
18:49 Horse Collar
29:21 Castle Age
29:23 Crossbowman
30:15 Bodkin Arrow
30:35 Leather Archer Armor
32:14 Wheelbarrow
32:12 Ballistics
32:12 Thumb Ring
32:30 Bow Saw
34:00 Gold Shaft Mining
35:11 Hand Cart
34:50 Town Watch
35:48 Caravan
44:45 Imperial Age
44:47 Arbalester
46:41 Chemistry
47:37 Bracer
48:07 Ring Archer Armor
57:00 Two-Man Saw
59:28 Elite Skirmisher
66:00 Capped Ram
69:52 Capped Ram
80:52 Conscription
81:30 Halberdier
86:02 Conscription
86:01 Siege Ram
86:20 Spies/Treason
RoboticPro
1:28 Loom
10:47 Feudal Age
12:50 Double-Bit Axe
16:37 Horse Collar
22:28 Wheelbarrow
26:25 Castle Age
27:03 Forging
26:58 Scale Barding Armor
27:58 Bow Saw
27:42 Gold Mining
27:55 Heavy Plow
28:15 Bloodlines
29:32 Chain Barding Armor
29:48 Iron Casting
29:54 Hand Cart
29:31 Town Watch
29:52 Town Watch
34:31 Imperial Age
32:04 Town Patrol
34:45 Caravan
34:41 Cavalier
36:11 Plate Barding Armor
36:36 Blast Furnace
36:00 Conscription
37:26 Two-Man Saw
37:00 Crop Rotation
36:26 Stone Mining
37:36 Paladin
40:04 Fletching
40:58 Ballistics
41:39 Chemistry
46:20 Light Cavalry
47:38 Hussar
48:04 Capped Ram
48:56 Siege Ram
56:06 Steppe Husbandry
77:00 Bodkin Arrow
79:07 Masonry
85:32 Spies/Treason
DK_Grunchito
7:29 Loom
12:00 Feudal Age
20:03 Castle Age
19:03 Fletching
19:14 Padded Archer Armor
19:07 Gold Mining
19:05 Double-Bit Axe
19:04 Horse Collar
21:56 Bow Saw
24:06 Wheelbarrow
23:17 Town Watch
25:54 Heavy Plow
26:57 Bodkin Arrow
28:23 Hand Cart
28:57 Ballistics
33:41 Imperial Age
31:56 Leather Archer Armor
32:47 Town Patrol
33:33 Gold Shaft Mining
33:08 Caravan
32:38 Crossbowman
34:06 Thumb Ring
33:56 Arbalester
35:08 Bracer
35:38 Ring Archer Armor
36:34 Chemistry
36:10 Conscription
37:45 Halberdier
38:26 Squires
39:16 Forging
39:06 Scale Mail Armor
42:27 Two-Man Saw
43:28 Chain Mail Armor
43:48 Iron Casting
43:52 Arson
44:40 Plate Mail Armor
55:45 Torsion Engines
56:52 Blast Furnace
76:48 Fortified Wall
Maestro | just a fish
7:06 Loom
9:39 Feudal Age
10:16 Double-Bit Axe
10:37 Horse Collar
16:20 Scale Barding Armor
20:59 Castle Age
20:32 Bloodlines
20:40 Forging
21:03 Gold Mining
22:59 Wheelbarrow
22:49 Chain Barding Armor
22:32 Husbandry
22:53 Bow Saw
26:04 Iron Casting
28:07 Hand Cart
34:40 Imperial Age
33:08 Caravan
36:24 Blast Furnace
36:42 Cavalier
38:04 Heavy Plow
41:27 Tusk Swords
42:33 Conscription
44:36 Plate Barding Armor
44:06 Elite Battle Elephant
47:32 Crop Rotation
51:03 Masonry
51:16 Ballistics
52:32 Architecture
52:06 Double Crossbow
51:59 Light Cavalry
53:10 Hussar
55:13 Heavy Scorpion
56:11 Siege Engineers
60:27 Chemistry
62:14 Hoardings
76:09 Guard Tower
76:11 Fletching
78:42 Keep
78:18 Murder Holes
78:45 Bodkin Arrow
78:52 Padded Archer Armor
82:06 Fortified Wall
85:29 Spies/Treason
86:09 Sappers
咸鱼
11:17 Feudal Age
15:10 Castle Age
13:16 Double-Bit Axe
22:45 Husbandry
24:58 Horse Collar
34:23 Imperial Age
35:55 Heavy Plow
36:50 Heavy Hei Guang Cavalry
40:45 Forging
40:40 Scale Barding Armor
42:15 Tuntian
42:46 Chain Barding Armor
43:58 Crop Rotation
44:16 Bloodlines
44:06 Gold Mining
44:11 Stone Mining
46:49 Iron Casting
47:38 Ming Guang Armor
46:49 Light Cavalry
47:28 Town Watch
48:18 Wheelbarrow
48:04 Bow Saw
48:12 Hussar
52:01 Conscription
52:58 Hand Cart
54:13 Blast Furnace
53:37 Ballistics
52:58 Treadmill Crane
53:31 Fortified Wall
54:18 Town Watch
55:03 Caravan
55:33 Coinage
55:37 Town Patrol
55:22 Loom
63:44 Banking
肥羊
8:50 Loom
11:00 Feudal Age
16:58 Castle Age
16:19 Arson
23:56 Elite Skirmisher
28:43 Double-Bit Axe
28:43 Horse Collar
35:50 Wheelbarrow
37:07 Bow Saw
37:04 Heavy Plow
39:42 Treadmill Crane
39:59 Fletching
40:15 Scale Barding Armor
41:00 Ballistics
41:20 Hand Cart
44:26 Imperial Age
41:42 Town Watch
43:46 Bodkin Arrow
44:11 Chain Barding Armor
46:08 Chemistry
44:44 Cranequins
44:57 Heavy Mounted Crossbowman
46:19 Bracer
47:17 Conscription
48:21 Pikeman
49:02 Squires
48:48 Arson
50:20 Padded Archer Armor
50:31 Forging
50:22 Scale Mail Armor
50:43 Caravan
50:54 Guilds
51:15 Coinage
51:24 Halberdier
56:07 Banking
59:34 Two-Man Saw
63:29 Iron Casting
63:10 Chain Mail Armor
63:20 Elite Varangian Guard
66:13 Plate Mail Armor
78:43 Husbandry
78:04 Cavalier
78:54 Bloodlines
lequochuypy96
10:42 Feudal Age
9:10 Loom
11:28 Double-Bit Axe
11:25 Horse Collar
12:34 Wheelbarrow
13:47 Gold Mining
19:05 Castle Age
19:20 Pikeman
21:10 Bow Saw
25:29 Hand Cart
27:26 Caravan
30:01 Stone Mining
30:46 Gold Shaft Mining
30:42 Forging
30:37 Scale Barding Armor
32:20 Iron Casting
31:48 Scale Mail Armor
32:22 Husbandry
33:39 Chain Barding Armor
38:02 Imperial Age
38:05 Heavy Camel Rider
39:28 Plate Barding Armor
39:59 Two-Man Saw
39:43 Stone Shaft Mining
40:24 Chemistry
39:20 Murder Holes
39:06 Treadmill Crane
40:14 Heavy Plow
40:38 Fletching
42:26 Conscription
43:31 Hoardings
44:05 Crop Rotation
45:02 Logistica
45:28 Hoardings
45:16 Bombard Tower
45:17 Ballistics
45:08 Fortified Wall
45:25 Bodkin Arrow
45:30 Scale Mail Armor
51:13 Light Cavalry
51:57 Hussar
52:05 Elite Skirmisher
53:40 Thumb Ring
55:09 Guilds
55:29 Coinage
67:00 Cavalier
bthi68153
2:22 Loom
12:05 Feudal Age
17:08 Castle Age
15:29 Double-Bit Axe
15:38 Horse Collar
16:31 Stone Mining
23:09 Crossbowman
24:11 Gold Mining
30:12 Wheelbarrow
29:49 Bow Saw
29:40 Heavy Plow
35:22 Imperial Age
33:12 Fletching
32:46 Pikeman
33:28 Squires
34:36 Thumb Ring
34:28 Bodkin Arrow
36:15 Bracer
35:59 Arbalester
36:42 Elite Skirmisher
37:56 Scale Mail Armor
40:26 Chain Mail Armor
41:13 Chemistry
40:12 Halberdier
43:04 Plate Mail Armor
43:32 Forging
45:48 Caravan
46:56 Iron Casting
47:56 Conscription
47:39 Elite War Wagon
48:55 Scale Barding Armor
50:42 Chain Barding Armor
51:43 Light Cavalry
60:39 Hussar
Connection lost

Rejoining the realm…

Still unreachable

The connection could not be restored.

Session expired

The server has moved on; the page needs a fresh start.